 Dungeon Crawl Stone Soup version 0.31.0-11-ge490571c62 (webtiles) character file.

Game seed: 5345292195796308848

26 qw the Shooter (level 2, -2/14 HPs)
             Began as a Spriggan Hunter on Feb 3, 2024.
             Frozen to death by an endoplasm (4 damage)
             ... on level 2 of the Dungeon.
             The game lasted 00:00:01 (720 turns).

qw the Shooter (Spriggan Hunter)                     Turns: 720, Time: 00:00:02

Health: -2/14      AC:  2    Str:  7    XL:     2   Next: 89%
Magic:  3/3        EV: 19    Int: 10    God:
Gold:   38         SH:  5    Dex: 18    Spells: 1/1 levels left

rFire   . . .        a - +0 shortbow
rCold   . . .        (shield currently unavailable)
rNeg    . . .        c - +0 robe
rPois   .            (helmet restricted)
rElec   .            (no cloak)
rCorr   .            (gloves unavailable)
SInv    +            (boots unavailable)
Will    .....        g - amulet of reflection
Stlth   ++           (no ring)
HPRegen 0.22/turn    (no ring)
MPRegen 0.08/turn

%: reflection
@: lethally poisoned (-2 -> -3), about to teleport, very quick
A: very small, no large weapons, unfitting armour, see invisible, speed 3
a: no special abilities


You were on level 2 of the Dungeon.
You visited 1 branch of the dungeon, and saw 2 of its levels.

You collected 94 gold pieces.
You spent 56 gold pieces at shops.


Innate Abilities, Weirdness & Mutations

You are very small and have problems with some larger weapons.
You are too small for most types of armour.
You have supernaturally acute eyesight. (SInv)
You cover ground extremely quickly. (Speed+++)


   Skills:
 - Level 1.5 Fighting
 + Level 4.4 Ranged Weapons
 - Level 4.0 Dodging
 - Level 1.5 Stealth


You had one spell level left.
You didn't know any spells.
Your spell library was empty.

Inventory:

Hand Weapons
 a - a +0 shortbow (weapon)
Armour
 c - a +0 robe (worn)
Jewellery
 g - an amulet of reflection (around neck)
Scrolls
 b - 4 scrolls of identify
 e - a scroll of enchant armour {unknown}
Potions
 f - a potion of might {unknown}

Dungeon Overview and Level Annotations

Branches:
Dungeon (2/15)

Altars:

Shops:
D:2 ?


Message History

You kill the rat!
You now have enough gold to buy a scroll of identify on this level.
You can access your shopping list by pressing '$'.
You now have 38 gold pieces (gained 12).
An adder comes into view.
You shoot an arrow. The arrow hits the adder.
The adder hisses angrily.
The adder is moderately wounded.
An endoplasm comes into view.
You shoot an arrow. The endoplasm quivers.
The arrow hits the endoplasm.
The endoplasm is moderately wounded.
A rat comes into view.
You shoot an arrow. The rat squeaks loudly.
The arrow hits the adder.
The adder is heavily wounded.
You shoot an arrow. The arrow barely misses the adder.
The adder bites you.
You are poisoned.
The adder poisons you!
You shoot an arrow. The arrow barely misses the adder.
You feel sick. The adder closely misses you. You block the endoplasm's attack.
The adder closely misses you.
You shoot an arrow. The arrow barely misses the adder.
You feel sick. You block the adder's attack. The endoplasm freezes you.
You are frozen.
You shoot an arrow. The arrow hits the adder.
The adder is severely wounded.
You feel sick. You block the adder's attack. The endoplasm hits you.
The adder completely misses you.
720 ||| READING scroll of teleportation.
As you read the scroll of teleportation, it crumbles to dust.
You feel strangely unstable.
You feel sick. The endoplasm freezes you.
You are frozen.
You die...

###.###.%.....##
.........\.\...##
................#
.........\.\)...##
.............#...####
.#..#...######......##
###.#.............#..#
###...##########.S...#
##..>.# #@###..#
.....### #.Jr.#.#
.##....# ####.....
....##.### ..#.
.#####...# .# ##
###.#### .. # #....##
# # ####..# # ##.#


You could see an adder, an endoplasm and a rat.

Vanquished Creatures
  A dart slug (D:2)
  2 ball pythons (D:1)
  2 bats (D:1)
  4 endoplasms
  A goblin (D:1)
  2 hobgoblins
  2 kobolds
  2 quokkas (D:1)
  3 frilled lizards (D:1)
  3 rats
22 creatures vanquished.

Notes
Turn   | Place    | Note
-------+----------+-------------------------------------------
     0 | D:1      | qw the Spriggan Hunter began the quest for the Orb.
     0 | D:1      | Reached XP level 1. HP: 10/10 MP: 2/2
     0 | D:1      | 0 ||| qw: Version: 0.3-a-157-g843a77d
     0 | D:1      | 0 ||| qw: Game counter: 3970
     0 | D:1      | 0 ||| qw: Melee chars always use a shield: true
     0 | D:1      | 0 ||| qw: God list: Okawaru
     0 | D:1      | 0 ||| qw: Allow faded altars: false
     0 | D:1      | 0 ||| qw: Do Orc after clearing Dungeon:15 true
     0 | D:1      | 0 ||| qw: Do second Lair branch before Depths: true
     0 | D:1      | 0 ||| qw: Lair rune preference: random
     0 | D:1      | 0 ||| qw: Goals: Normal
     0 | D:1      | 0 ||| PLANNING D:1-11
    46 | D:1      | Reached skill level 3 in Dodging
   201 | D:1      | Reached XP level 2. HP: 14/14 MP: 3/3
   508 | D:1      | 508 ||| UPGRADING to amulet of reflection.
   513 | D:1      | 513 ||| READING 2 scrolls labelled BYADEI UNITE.
   517 | D:1      | 517 ||| READING scroll labelled MOUCAO BACIUQU.
   518 | D:1      | 518 ||| DROPPING scroll of butterflies.
   554 | D:2      | Identified the +4 hand axe of Impatience {freeze, rPois
                  | Str+5}
   576 | D:2      | Found Atustrul's Magic Scroll Boutique.
   596 | D:2      | 596 ||| SHOPLISTING scroll of enchant weapon (105 gold,
                  | have 63).
   596 | D:2      | 596 ||| BUYING scroll of identify (28 gold).
   596 | D:2      | Bought a scroll of identify for 28 gold pieces
   596 | D:2      | 596 ||| BUYING scroll of identify (28 gold).
   596 | D:2      | Bought a scroll of identify for 28 gold pieces
   596 | D:2      | 596 ||| SHOPLISTING scroll of identify (28 gold, have 7).
   596 | D:2      | 596 ||| SHOPLISTING scroll of teleportation (42 gold, have
                  | 7).
   719 | D:2      | HP: 3/14 [endoplasm (1)]
   720 | D:2      | 720 ||| READING scroll of teleportation.
   720 | D:2      | Frozen to death by an endoplasm

Levels and vault maps discovered:
D:1:      saegor_arrival_under_anarchy, layout_basic
D:2:      layout_rooms, serial_shops, nicolae_shop_competitors_out_of_business

Skill      XL: |  1  2 |
---------------+-------+-----
Dodging        | 3 4 |  4.0
Fighting       | |  1.5
Ranged Weapons | |  4.4
Stealth        | |  1.5

Action                     || total
---------------------------++-------
   Fire: Shortbow          ||    60
    Use: Scroll            ||     3
 Armour: Robe              ||     5
  Dodge: Dodged            ||     9
  Block: Other             ||     3

Table legend:
 A = Non-vault XP
 B = Vault XP
 C = Vault XP percentage of total XP
 D = Non-vault monster count
 E = Vault monster count
 F = Vault count percentage of total count
                 A         B        C        D         E       F
            +---------+---------+-------+---------+---------+-------
      Total |      38 |       0 |   0.0 |      22 |       0 |   0.0
            +---------+---------+-------+---------+---------+-------
        D:1 |      22 |       0 |   0.0 |      14 |       0 |   0.0
        D:2 |      16 |       0 |   0.0 |       8 |       0 |   0.0
            +---------+---------+-------+---------+---------+-------
